[Event "58th Akiba Rubinstein D 2022"]
[Site "Polanica-Zdroj"]
[Date "2022.08.20"]
[Round "8.20"]
[White "Butkiewicz, Jan"]
[Black "Suszczynski, Dominik"]
[Result "*"]
[ECO "A86"]
[WhiteElo "1613"]
[BlackElo "1329"]
[Annotator "NA RC"]
[PlyCount "50"]
[EventDate "2022.08.13"]
[EventCountry "POL"]
[SourceTitle "playchess.com"]
[Source "ChessBase"]
[SourceQuality "1"]
[TimeControl "40/5400+30:1800+30"]

1. d4 f5 2. c4 Nf6 3. g3 g6 4. Bg2 Bg7 5. Nc3 O-O 6. Qc2 d6 7. Nf3 Qe8 8. O-O c6 9. b3 e5 10. dxe5 dxe5 11. Ba3 Rf7 12. Bd6 e4 13. Ne5 Re7 14. Bxe7 Qxe7 15. Nf3 Qe8 16. Ne5 Qe7 17. Nf3 Qe8 18. Ne5 Qe7 19. Rad1 Qe8 20. Ra1 Qe7 21. Rad1 Qe8 22. Ra1 Qe7 23. Rad1 Na6 24. Ra1 Nb8 25. Rad1 Na6 *

[Event "58th Akiba Rubinstein D 2022"]
[Site "Polanica-Zdroj"]
[Date "2022.08.20"]
[Round "8.21"]
[White "Sleczka, Krzysztof"]
[Black "Milczarek, Robert"]
[Result "1/2-1/2"]
[ECO "B35"]
[WhiteElo "1443"]
[BlackElo "1653"]
[Annotator "NA RC"]
[PlyCount "32"]
[EventDate "2022.08.13"]
[EventCountry "POL"]
[SourceTitle "playchess.com"]
[Source "ChessBase"]
[SourceQuality "1"]
[TimeControl "40/5400+30:1800+30"]

1. e4 c5 2. Nf3 g6 3. d4 cxd4 4. Nxd4 Nc6 5. Nc3 Bg7 6. Be3 Nf6 7. Bc4 O-O 8. Bb3 d6 9. f3 Bd7 10. Qd2 Nxd4 11. Bxd4 b5 12. O-O a5 13. a4 b4 14. Nd5 Nxd5 15. Bxd5 Bxd4+ 16. Qxd4 Rc8 1/2-1/2

[Event "58th Akiba Rubinstein D 2022"]
[Site "Polanica-Zdroj"]
[Date "2022.08.20"]
[Round "8.23"]
[White "Rychlik, Michal"]
[Black "Szczepanski, Krzysztof"]
[Result "*"]
[ECO "D30"]
[WhiteElo "1354"]
[BlackElo "1790"]
[Annotator "NA RC"]
[PlyCount "62"]
[EventDate "2022.08.13"]
[EventCountry "POL"]
[SourceTitle "playchess.com"]
[Source "ChessBase"]
[SourceQuality "1"]
[TimeControl "40/5400+30:1800+30"]

1. d4 d5 2. c4 e6 3. Nf3 c6 4. Qc2 Nf6 5. Nbd2 Bb4 6. e3 Ne4 7. a3 Bxd2+ 8. Nxd2 f5 9. Bd3 O-O 10. O-O Nd7 11. b4 Rf6 12. f3 Nxd2 13. Bxd2 Rf7 14. Bc1 Rf6 15. Bd2 Rf7 16. Bc1 Rf6 17. Bd2 Rf7 18. b5 cxb5 19. cxd5 Nb6 20. dxe6 Bxe6 21. Bxb5 Rc7 22. Bd3 Rf7 23. Bb5 Rc7 24. Qb2 Rac8 25. Qc2 Ra8 26. Qb2 Rac8 27. Rfc1 Ra8 28. Rf1 Rac8 29. Rfc1 Ra8 30. Rf1 Rac8 31. Rfc1 Qd5 *

[Event "58th Akiba Rubinstein D 2022"]
[Site "Polanica-Zdroj"]
[Date "2022.08.20"]
[Round "8.24"]
[White "Para, Tomasz"]
[Black "Karpiuk, Julian"]
[Result "*"]
[ECO "D00"]
[WhiteElo "1796"]
[BlackElo "1513"]
[Annotator "NA RC"]
[PlyCount "59"]
[EventDate "2022.08.13"]
[EventCountry "POL"]
[SourceTitle "playchess.com"]
[Source "ChessBase"]
[SourceQuality "1"]
[TimeControl "40/5400+30:1800+30"]

1. d4 d5 2. Bf4 Nf6 3. e3 c5 4. c3 Nc6 5. Nd2 Bf5 6. Ngf3 Qb6 7. Nh4 Bd7 8. Qb3 c4 9. Qc2 h6 10. Nhf3 g6 11. Ne5 Bf5 12. Qc1 g5 13. Bg3 Nh5 14. Bf4 Nf6 15. Bg3 Nh5 16. Bf4 Nf6 17. Bg3 Nh5 18. Bf4 Nf6 19. Bg3 Nh5 20. Nxc6 Nxg3 21. Ne5 Nh5 22. Nc6 Ng3 23. hxg3 Qxc6 24. Be2 Qb6 25. Bf1 Qc6 26. Be2 Bg7 27. Bf1 Bf8 28. Be2 Bg7 29. g4 Bh7 30. Nf1 *

[Event "58th Akiba Rubinstein D 2022"]
[Site "Polanica-Zdroj"]
[Date "2022.08.20"]
[Round "8.25"]
[White "Ugorek, Kacper"]
[Black "Latacz, Grzegorz"]
[Result "*"]
[ECO "B37"]
[WhiteElo "1747"]
[BlackElo "1449"]
[Annotator "NA RC"]
[PlyCount "54"]
[EventDate "2022.08.13"]
[EventCountry "POL"]
[SourceTitle "playchess.com"]
[Source "ChessBase"]
[SourceQuality "1"]
[TimeControl "40/5400+30:1800+30"]

1. e4 c5 2. Nf3 Nc6 3. d4 cxd4 4. Nxd4 g6 5. c4 Bg7 6. Nc2 d6 7. Be2 Bd7 8. Nc3 Bxc3+ 9. bxc3 h5 10. O-O Nf6 11. f3 Rc8 12. Ne3 Ra8 13. Nc2 Rc8 14. Ne3 Ne5 15. Nc2 Nc6 16. Ne3 Ne5 17. Qb3 Qc7 18. Bd2 Qd8 19. Bc1 Qc7 20. Bd2 Qd8 21. Bc1 Qc7 22. Bd2 b6 23. Rab1 Qc5 24. Ra1 Qc7 25. Rab1 Qc5 26. Ra1 Qc7 27. Rab1 Qc5 *

[Event "58th Akiba Rubinstein D 2022"]
[Site "Polanica-Zdroj"]
[Date "2022.08.20"]
[Round "8.26"]
[White "Grzelak, Piotr"]
[Black "Durzynski, Jan"]
[Result "*"]
[ECO "B38"]
[WhiteElo "1684"]
[BlackElo "1406"]
[Annotator "NA RC"]
[PlyCount "74"]
[EventDate "2022.08.13"]
[EventCountry "POL"]
[SourceTitle "playchess.com"]
[Source "ChessBase"]
[SourceQuality "1"]
[TimeControl "40/5400+30:1800+30"]

1. e4 c5 2. c4 Nc6 3. Ne2 g6 4. d4 cxd4 5. Nxd4 Bg7 6. Be3 Nf6 7. Nc3 O-O 8. Be2 d6 9. Qd2 Nxd4 10. Bxd4 b6 11. f3 Nd7 12. Be3 Bb7 13. O-O Rc8 14. Rac1 Ne5 15. b3 a6 16. Nd5 Nd7 17. Rfd1 Re8 18. Kh1 e6 19. Nc3 Bf8 20. Bg5 Qc7 21. f4 Nc5 22. Bf3 Bc6 23. Nd5 exd5 24. cxd5 Bd7 25. b4 Rb8 26. bxc5 bxc5 27. e5 dxe5 28. fxe5 Bg7 29. d6 Qb6 30. Bf6 Bxf6 31. exf6 Qd8 32. Bd5 Qc7 33. Bf3 Qd8 34. Bd5 Qxf6 35. Rf1 Bf5 36. Rfd1 Bd7 37. Rf1 Bf5 *

[Event "58th Akiba Rubinstein D 2022"]
[Site "Polanica-Zdroj"]
[Date "2022.08.20"]
[Round "8.27"]
[White "Grudzinski, Krzysztof"]
[Black "Wziatek, Marek"]
[Result "*"]
[ECO "D35"]
[WhiteElo "1520"]
[BlackElo "1617"]
[Annotator "NA RC"]
[PlyCount "37"]
[EventDate "2022.08.13"]
[EventCountry "POL"]
[SourceTitle "playchess.com"]
[Source "ChessBase"]
[SourceQuality "1"]
[TimeControl "40/5400+30:1800+30"]

1. d4 d5 2. c4 e6 3. Nc3 Nf6 4. cxd5 exd5 5. Bg5 Be7 6. Qc2 O-O 7. e3 b6 8. Bd3 h6 9. Bh4 c5 10. Nf3 Nc6 11. a3 Bg4 12. dxc5 bxc5 13. Be2 Be6 14. O-O c4 15. Rad1 Qa5 16. Ra1 Qd8 17. Rad1 Qa5 18. Nd4 Nxd4 19. Rxd4 *

[Event "58th Akiba Rubinstein D 2022"]
[Site "Polanica-Zdroj"]
[Date "2022.08.20"]
[Round "8.29"]
[White "Balcerzak, Robert"]
[Black "Litwin, Tomasz"]
[Result "*"]
[ECO "C15"]
[WhiteElo "1357"]
[BlackElo "1580"]
[Annotator "NA RC"]
[PlyCount "41"]
[EventDate "2022.08.13"]
[EventCountry "POL"]
[SourceTitle "playchess.com"]
[Source "ChessBase"]
[SourceQuality "1"]
[TimeControl "40/5400+30:1800+30"]

1. e4 e6 2. d4 d5 3. Nc3 Bb4 4. Nge2 c5 5. exd5 Qxd5 6. a3 Bxc3+ 7. Nxc3 Qxd4 8. Qxd4 cxd4 9. Nb5 Na6 10. Nxd4 Nc7 11. Bf4 Nd5 12. Bg3 a6 13. c4 Nde7 14. Be2 Nh6 15. O-O O-O 16. Rfd1 f6 17. Bc7 e5 18. Nb3 Bg4 19. Bxg4 Nxg4 20. Na5 Nc6 21. Nxc6 *

[Event "58th Akiba Rubinstein D 2022"]
[Site "Polanica-Zdroj"]
[Date "2022.08.21"]
[Round "9.1"]
[White "Jasiulewicz, Dawid"]
[Black "Kraczek, Cezary"]
[Result "1/2-1/2"]
[ECO "A46"]
[WhiteElo "1525"]
[BlackElo "1657"]
[Annotator "NA RC"]
[PlyCount "209"]
[EventDate "2022.08.13"]
[EventCountry "POL"]
[SourceTitle "playchess.com"]
[Source "ChessBase"]
[SourceQuality "1"]
[TimeControl "40/5400+30:1800+30"]

1. d4 Nf6 2. Nf3 e6 3. c4 d5 4. e3 Be7 5. Nc3 O-O 6. Bd3 dxc4 7. Bxc4 a6 8. O-O c5 9. Qe2 cxd4 10. exd4 b5 11. Bb3 Bb7 12. Rd1 Re8 13. Ne5 Bf8 14. Bg5 h6 15. Bh4 g5 16. Bg3 Nbd7 17. h4 Bg7 18. Bc2 Nd5 19. hxg5 Nxe5 20. gxh6 Nxc3 21. bxc3 Qd5 22. f3 Ng6 23. hxg7 Qg5 24. Kf2 Kxg7 25. a4 Rec8 26. Ra3 Bd5 27. Bd3 Nf4 28. Bxf4 Qxf4 29. Qe3 Qh4+ 30. Ke2 bxa4 31. Bc2 Qg3 32. Rg1 Rab8 33. Kd1 Bb3 34. Kc1 Qd6 35. Ra1 Bxc2 36. Kxc2 Rb3 37. Rxa4 Rcxc3+ 38. Qxc3 Rxc3+ 39. Kxc3 Qf4 40. Re1 Qc7+ 41. Kd3 Qb7 42. Kc3 Qc6+ 43. Rc4 Qd6 44. Ra1 Qf4 45. Re1 Qg5 46. Re2 Qc1+ 47. Kd3 Qb1+ 48. Rec2 a5 49. Kd2 Qg1 50. Kd3 Qa1 51. Rd2 a4 52. Rcc2 Qb1 53. Ke3 Qg1+ 54. Kf4 Qh2+ 55. Ke4 Qh4+ 56. Kd3 Qe1 57. Kc4 Qb1 58. Rb2 Qc1+ 59. Kb4 Qc6 60. Ra2 Qb6+ 61. Kxa4 Qb7 62. Rab2 Qa6+ 63. Kb4 Qb6+ 64. Kc3 Qa6 65. Rb3 Qa1+ 66. Kd3 Qf1+ 67. Kc2 Qa1 68. Rc3 Qa4+ 69. Kd3 Qb5+ 70. Ke3 Qg5+ 71. Kd3 Qb5+ 72. Kc2 Qa4+ 73. Rb3 Qa2+ 74. Kc3 Qa1+ 75. Rbb2 Qa3+ 76. Kc2 Qa4+ 77. Kb1 Qc4 78. Rd1 Qa4 79. Kc1 Qa1+ 80. Kc2 Qa4+ 81. Rb3 Qa2+ 82. Kc3 Qxg2 83. Rd3 Qg1 84. Rb2 Kf6 85. Rc2 Qe1+ 86. Rcd2 Qc1+ 87. Rc2 Qe1+ 88. Rcd2 Qa1+ 89. Kc2 Qa4+ 90. Kc1 Qa1+ 91. Kc2 Ke7 92. d5 Qa4+ 93. Kb2 Qb4+ 94. Ka1 exd5 95. Rxd5 Qa3+ 96. Kb1 Qb3+ 97. Kc1 Qxf3 98. Re5+ Kf6 99. Ree2 Qc3+ 100. Kd1 Qa1+ 101. Kc2 Qa2+ 102. Kd3 Qb3+ 103. Kd4 Kg7 104. Rg2+ Kf8 105. Rgf2 1/2-1/2

[Event "58th Akiba Rubinstein D 2022"]
[Site "Polanica-Zdroj"]
[Date "2022.08.21"]
[Round "9.2"]
[White "Liskiewicz, Jakub"]
[Black "Galuszka, Kamil"]
[Result "0-1"]
[ECO "E40"]
[WhiteElo "1910"]
[BlackElo "1976"]
[Annotator "NA RC"]
[PlyCount "66"]
[EventDate "2022.08.13"]
[EventCountry "POL"]
[SourceTitle "playchess.com"]
[Source "ChessBase"]
[SourceQuality "1"]
[TimeControl "40/5400+30:1800+30"]

1. d4 e6 2. c4 Nf6 3. Nc3 Bb4 4. e3 d5 5. Bd3 e5 6. dxe5 dxc4 7. Bxc4 ({But not} 7. exf6 cxd3 8. fxg7 Rg8 $15) 7... Qxd1+ 8. Kxd1 Ng4 9. Nd5 Ba5 10. Ke2 c6 11. Nf4 Nxe5 12. Bb3 b6 13. f3 $2 (13. Bd2 $15) 13... Ba6+ 14. Kf2 g5 15. Nfe2 Nd3+ 16. Kf1 Nxc1 17. Rxc1 Bd2 18. Rc2 Bxe3 19. g4 (19. Rc3 $17 Bd4 20. Rc2) 19... h5 20. Kg2 (20. gxh5 $17 Nd7 21. Bc4) 20... Nd7 21. Ng3 hxg4 22. fxg4 Nc5 23. Nf3 $19 {[%emt 0:01:33] [#]} (23. Bc4 $17) 23... O-O-O (23... Nd3 $1 $19 24. Rb1 O-O-O) 24. Ne5 Rhf8 25. Bc4 Bxc4 26. Nxc4 Bf4 27. Nf5 Kb7 28. Re1 Ne6 29. Nh6 Rh8 30. Nxf7 Rxh2+ 31. Kf3 Rd3+ 32. Re3 Rxe3+ 33. Nxe3 Nd4+ 0-1

[Event "58th Akiba Rubinstein D 2022"]
[Site "Polanica-Zdroj"]
[Date "2022.08.21"]
[Round "9.3"]
[White "Straszewski, Tomasz"]
[Black "Mareau, Timothe"]
[Result "0-1"]
[ECO "A04"]
[WhiteElo "1716"]
[BlackElo "1590"]
[Annotator "NA RC"]
[PlyCount "106"]
[EventDate "2022.08.13"]
[EventCountry "POL"]
[SourceTitle "playchess.com"]
[Source "ChessBase"]
[SourceQuality "1"]
[TimeControl "40/5400+30:1800+30"]

1. Nf3 b6 2. e4 Bb7 3. Nc3 e6 4. d4 Bb4 5. Bd3 Nf6 6. Nd2 d5 7. e5 Ne4 8. Qg4 Nxc3 9. Qxg7 Kd7 10. Qxf7+ Qe7 11. Qxe7+ Kxe7 12. a3 Ba5 13. b4 Nc6 14. bxa5 Nxa5 15. a4 Bc6 16. Nb3 Nc4 17. a5 Bb5 18. O-O c5 19. Bg5+ Kf7 20. f4 Ne3 21. Rf3 Bxd3 22. Rxe3 c4 23. Nc1 Nd1 24. Re1 Bxc2 25. Re2 Ba4 26. Rxa4 Nc3 27. Ra1 Nxe2+ 28. Nxe2 b5 29. Rb1 Rab8 30. Rb4 a6 31. Nc3 h5 32. g3 Kg6 33. Kg2 Rh7 34. Kf3 Rbb7 35. h3 Rb8 36. Na4 bxa4 37. Rxb8 a3 38. Rb4 Rb7 39. Ra4 c3 40. Ke2 Rb2+ 41. Kd3 c2 42. Kd2 a2 43. Kc1 Rb1+ 44. Kxc2 a1=Q 45. Rxa1 Rxa1 46. Bd8 Kf5 47. g4+ hxg4 48. hxg4+ Kxf4 49. g5 Ra3 50. g6 Rg3 51. Bb6 Ke4 52. g7 Rxg7 53. Kc3 Rg1 0-1

[Event "58th Akiba Rubinstein D 2022"]
[Site "Polanica-Zdroj"]
[Date "2022.08.21"]
[Round "9.5"]
[White "Lewandrowski, Tomasz"]
[Black "Klisowski, Bartosz"]
[Result "1-0"]
[ECO "A48"]
[WhiteElo "1902"]
[BlackElo "1595"]
[Annotator "TA"]
[PlyCount "149"]
[EventDate "2022.08.13"]
[EventCountry "POL"]
[SourceTitle "playchess.com"]
[Source "ChessBase"]
[SourceQuality "1"]
[TimeControl "40/5400+30:1800+30"]

1. d4 Nf6 2. Nf3 g6 3. Nc3 d5 4. Bf4 c5 5. e3 cxd4 6. exd4 {[%emt 0:00:14] D00: 1 d4 d5: Unusual lines.} a6 {[%emt 0:00:34] Inhibits Nb5.} 7. Qd2 {[%emt 0:02:48] [#]} h5 $146 ({Predecessor:} 7... h6 8. Bd3 Nc6 9. Ne5 Bf5 10. Bxf5 gxf5 11. f3 Rc8 12. a3 e6 13. Na4 Nxe5 14. Bxe5 {1-0 (50) Datuashvili,N (2083)-Oney,A (2054) Marmaris 2019}) 8. Ne5 {[%emt 0:02:05] White is slightly better.} Bf5 9. f3 Nc6 10. Nxc6 bxc6 11. Bd3 Bxd3 12. Qxd3 Nd7 13. O-O Qb6 14. Rfe1 e6 15. Rad1 Be7 (15... Qxb2 16. Rb1 Qa3 17. Rb7 $16) 16. Kh1 Rc8 17. b3 c5 $2 {[%emt 0:02:04] [#]} (17... Qb7 $11) 18. Qe2 $2 (18. Nxd5 $1 $18 exd5 19. Bg5) 18... Nf6 (18... Qb7 $1 $11) 19. Be5 {Bxf6 is the strong threat. White is more active.} O-O 20. Bxf6 (20. Na4 $16 Qc6 21. Nxc5) 20... Bxf6 $11 21. Na4 Qc6 22. dxc5 Be7 23. Nb6 Rb8 {[%emt 0:00:05] [#]} (23... Rc7 $11 24. b4 (24. Qxa6 $2 Bxc5 25. c4 dxc4 $19) 24... a5) 24. b4 ({Don't blunder} 24. Qxa6 $2 Bxc5 25. Qf1 Bxb6 $19) (24. Nxd5 $1 $16 Bh4 25. Qe4 (25. g3 exd5 26. gxh4 Rb5 $14) 25... exd5 26. Qxh4) 24... Bd8 25. c4 Bxb6 26. cxd5 exd5 27. Qxa6 {[%emt 0:01:38][%mdl 64] Pin} Rfc8 28. cxb6 Rxb6 29. Qa3 Rcb8 30. Rb1 (30. Rd4 $14 {feels stronger.}) 30... Qd6 31. Qc3 d4 (31... Rxb4 $2 32. Rxb4 Qxb4 33. Re8+ $3 Rxe8 34. Qxb4 $18) 32. Qd2 Rxb4 33. Rxb4 Qxb4 34. Qxb4 Rxb4 $15 {[%emt 0:00:37][%mdl 4096] Endgame KR-KR} 35. Kg1 Rb2 36. Ra1 Kf8 37. a4 {[%emt 0:00:10][%cal Ba2a4,Ba4a5,Ba5a6][%mdl 32] aiming for a5.} Ke7 (37... d3 $11 {remains equal.}) 38. a5 $16 {[%emt 0:00:26] Black is now going downhill.} Rb7 $2 (38... d3 $16) 39. a6 Ra7 40. Kf2 Kd6 41. Ke2 {[%emt 0:31:02] And now Kd3 would win.} Kd5 $2 (41... Kc7 {was called for.} 42. Kd3 Kb8) 42. Kd3 $18 Kc5 43. h4 f6 44. Ra2 Kb6 45. Ra3 g5 $2 (45... Re7 46. Kxd4 Ka7) 46. Kxd4 gxh4 47. Ke4 {[%emt 0:00:24] Threatens to win with Kf5.} Re7+ 48. Kf5 {[%emt 0:00:11] Threatening mate with a7.} Ka7 49. Kxf6 Re2 {[%emt 0:00:23] [#]} 50. Kg5 $1 Rxg2+ 51. Kxh4 Rh2+ 52. Kg3 Rh1 53. Ra4 {[%emt 0:00:45] Intending f4 and mate.} Rg1+ 54. Kh4 {[%emt 0:02:57] White mates.} Rh1+ {[%emt 0:00:06] [#]} 55. Kg5 $1 Rh2 56. f4 h4 57. Kg4 ({And not} 57. f5 h3 $11) 57... h3 58. Ra3 Rh1 59. Rxh3 Rg1+ 60. Kf5 Kxa6 61. Rb3 Rf1 62. Ke5 Rf2 63. f5 Re2+ 64. Kf6 Rf2 65. Ke6 Re2+ 66. Kf7 Rf2 67. f6 Rf1 68. Ke7 Ka5 69. f7 Re1+ 70. Kf8 Rf1 71. Rb8 Rf2 72. Kg7 Rg2+ 73. Kh6 Rh2+ 74. Kg5 Rg2+ 75. Kh4 {[%emt 0:00:20] Weighted Error Value: White=0.19 (very precise) /Black=0.64} 1-0

[Event "58th Akiba Rubinstein D 2022"]
[Site "Polanica-Zdroj"]
[Date "2022.08.21"]
[Round "9.6"]
[White "Stepinski, Piotr"]
[Black "Markiewicz, Czeslaw"]
[Result "1/2-1/2"]
[ECO "C50"]
[WhiteElo "1568"]
[BlackElo "1750"]
[Annotator "NA RC"]
[PlyCount "47"]
[EventDate "2022.08.13"]
[EventCountry "POL"]
[SourceTitle "playchess.com"]
[Source "ChessBase"]
[SourceQuality "1"]
[TimeControl "40/5400+30:1800+30"]

1. e4 e5 2. Nf3 Nc6 3. d4 exd4 4. Bc4 Be7 5. O-O d6 6. Nxd4 Nxd4 7. Qxd4 Nf6 8. Nc3 O-O 9. Be3 Ng4 10. Nd5 Bf6 11. Nxf6+ Qxf6 12. Qxf6 Nxf6 13. f3 Be6 14. Bxe6 fxe6 15. Rad1 e5 16. Rd3 a5 17. Rc3 Rfc8 18. Rd1 Kf7 19. Kf2 h6 20. Ke2 Ke6 21. Rb3 b6 22. Rbd3 Rd8 23. a3 a4 24. c4 1/2-1/2

[Event "58th Akiba Rubinstein D 2022"]
[Site "Polanica-Zdroj"]
[Date "2022.08.21"]
[Round "9.7"]
[White "Grzebieniowski, Michal"]
[Black "Gibala, Adam"]
[Result "1-0"]
[ECO "A70"]
[WhiteElo "1710"]
[BlackElo "1549"]
[Annotator "NA RC"]
[PlyCount "53"]
[EventDate "2022.08.13"]
[EventCountry "POL"]
[SourceTitle "playchess.com"]
[Source "ChessBase"]
[SourceQuality "1"]
[TimeControl "40/5400+30:1800+30"]

1. d4 Nf6 2. c4 g6 3. Nc3 c5 4. d5 d6 5. Nf3 e6 6. e4 exd5 7. cxd5 Bg7 8. Bd3 O-O 9. O-O a6 10. a4 Nbd7 11. h3 Re8 12. Re1 Nh5 13. Be3 Ne5 14. Nxe5 Bxe5 15. Qd2 Qf6 16. Rab1 Nf4 17. Bf1 Bd7 18. a5 Qh4 19. b4 cxb4 20. Rxb4 Rac8 21. Rc1 g5 22. Rxb7 Re7 23. Ne2 Rxc1 24. Qxc1 Nxe2+ 25. Bxe2 f6 26. Rxd7 Rxd7 27. Qc8+ 1-0

[Event "58th Akiba Rubinstein D 2022"]
[Site "Polanica-Zdroj"]
[Date "2022.08.21"]
[Round "9.8"]
[White "Zerebiec, Maurycy"]
[Black "Butkiewicz, Jan"]
[Result "0-1"]
[ECO "A25"]
[WhiteElo "1915"]
[BlackElo "1613"]
[Annotator "NA RC"]
[PlyCount "108"]
[EventDate "2022.08.13"]
[EventCountry "POL"]
[SourceTitle "playchess.com"]
[Source "ChessBase"]
[SourceQuality "1"]
[TimeControl "40/5400+30:1800+30"]

1. c4 e5 2. Nc3 Nc6 3. g3 g6 4. Bg2 Bg7 5. e4 Nd4 6. Nge2 Ne7 7. O-O O-O 8. d3 d6 9. Be3 h6 10. f4 Kh7 11. h3 f5 12. Qd2 c6 13. Kh2 Be6 14. b4 (14. b3 $11) 14... fxe4 15. fxe5 Rxf1 ({Much weaker is} 15... dxe5 16. Rxf8 Qxf8 17. Nxe4 $11) (15... Nxe2 $17 16. Rxf8 Qxf8) 16. Rxf1 (16. Nxd4 $11 Rxa1 17. Nxe6) 16... Nxe2 17. Nxe2 exd3 18. Qxd3 dxe5 19. Qc2 Bf5 20. Be4 Bxe4 21. Qxe4 Nf5 22. Bc1 Qd6 23. g4 Nd4 24. Rf7 Rf8 25. c5 Qb8 26. Rxf8 Qxf8 27. Kg2 Qf7 28. Nxd4 exd4 $19 29. a3 Qc4 30. Bd2 Qa2 31. Qd3 Qd5+ 32. Kg1 b6 33. h4 bxc5 34. h5 Qe6 35. hxg6+ Qxg6 36. Qxg6+ Kxg6 37. bxc5 Bf8 38. Kf2 Bxc5 39. Bc1 Be7 40. Ke2 Bg5 41. Bb2 Be3 42. a4 Kg5 43. Kf3 c5 44. a5 a6 45. Ba3 c4 46. Bb4 c3 47. Bxc3 dxc3 48. Kxe3 Kxg4 49. Kd3 h5 50. Kxc3 h4 51. Kc4 h3 52. Kc5 h2 53. Kb6 h1=Q 54. Kxa6 Qa8+ 0-1

[Event "58th Akiba Rubinstein D 2022"]
[Site "Polanica-Zdroj"]
[Date "2022.08.21"]
[Round "9.9"]
[White "Nowicki, Bartosz"]
[Black "Gbiorczyk, Mikolaj"]
[Result "1/2-1/2"]
[ECO "B33"]
[WhiteElo "2291"]
[BlackElo "1781"]
[Annotator "TA"]
[PlyCount "41"]
[EventDate "2022.08.13"]
[EventCountry "POL"]
[SourceTitle "playchess.com"]
[Source "ChessBase"]
[SourceQuality "1"]
[TimeControl "40/5400+30:1800+30"]

1. e4 c5 2. Nf3 Nc6 3. d4 cxd4 4. Nxd4 Nf6 5. Nc3 e6 6. Be3 Bb4 7. Bd3 d5 8. exd5 Nxd5 9. Nxc6 bxc6 10. Bd2 Nxc3 11. bxc3 Bd6 12. Qf3 {[%emt 0:14:30] B45: Sicilian Four Knights.} Qc7 13. h3 Bb7 14. O-O {[%emt 0:02:23] The position is equal.} O-O 15. Qe4 {[%emt 0:12:38][%csl Gd3][%cal Re4h7] [#]} g6 $1 {[%emt 0:00:21] [#]} 16. Bg5 $146 (16. Rab1 $11 {deserves consideration.}) ({Predecessor:} 16. Qh4 c5 17. c4 Be5 18. Rab1 Rfd8 19. Ba5 Qxa5 20. Rxb7 Rab8 21. Rfb1 Rxb7 22. Rxb7 Qe1+ {0-1 (22) Venturelli,R-Mazzini,M Lunigiana 1998}) 16... Bh2+ 17. Kh1 {[%emt 0:00:08] aiming for f4.} Be5 18. Rab1 $36 {[%emt 0:05:12][%cal Ob1b7][%mdl 2048] Rxb7! is the strong threat. White has some pressure.} Bxc3 19. Bf4 e5 20. Bh6 {[%emt 0:03:55][%mdl 1024] White has compensation.} Rfb8 {[%emt 0:04:25] [#]} ({Better is} 20... Rfd8 $14) 21. Qh4 {[%emt 0:02:39] Weighted Error Value: White=0.09 (flawless) /Black=0.26 (precise)} ({White should try} 21. Bc4 $1 $16 Rd8 22. f4) 1/2-1/2

[Event "58th Akiba Rubinstein D 2022"]
[Site "Polanica-Zdroj"]
[Date "2022.08.21"]
[Round "9.10"]
[White "Wilgosz, Szczepan"]
[Black "Penza, Denis"]
[Result "0-1"]
[ECO "C09"]
[WhiteElo "1530"]
[BlackElo "1836"]
[Annotator "NA RC"]
[PlyCount "152"]
[EventDate "2022.08.13"]
[EventCountry "POL"]
[SourceTitle "playchess.com"]
[Source "ChessBase"]
[SourceQuality "1"]
[TimeControl "40/5400+30:1800+30"]

1. e4 e6 2. d4 d5 3. Nd2 c5 4. exd5 exd5 5. Ngf3 Nc6 6. Bb5 Bd6 7. dxc5 Bxc5 8. O-O Nge7 9. Nb3 Bd6 10. Re1 O-O 11. h3 Bf5 12. Bd3 Rc8 13. c3 Bb8 14. Nbd4 Bg6 15. Ne2 Qb6 16. Nf4 Bxf4 17. Bxf4 Qxb2 18. Bd6 Rfe8 19. Bxg6 hxg6 20. Rb1 Qxc3 21. Rxb7 Nf5 22. Rxe8+ Rxe8 23. Qxd5 Nxd6 24. Qxd6 Qf6 25. Qd5 Rd8 26. Rd7 Rxd7 27. Qxd7 Qe6 28. Qxe6 fxe6 29. Ng5 e5 30. Kf1 Kf8 31. Ke2 Ke7 32. Ke3 Nb4 33. a4 Nd5+ 34. Ke4 Nc3+ 35. Kxe5 Nxa4 36. Kd5 Nb2 37. Kc5 Nd3+ 38. Kb5 Nxf2 39. Ka6 Kf6 40. h4 Ng4 41. Kxa7 Ne3 42. g3 Nf5 43. Nh7+ Ke7 44. Kb6 Nxg3 45. Ng5 $2 (45. Kc6 $15) 45... Nf5 46. Nf3 Kd6 47. Kb5 Kd5 48. Kb4 Ke4 49. Ng5+ Kf4 50. Kc4 Kg4 51. Kd3 Kxh4 52. Ne6 Kg4 (52... g5 $142 53. Ke4 Ng3+ 54. Kf3 Nh5) 53. Ke4 Nd6+ 54. Ke5 Ne8 55. Ke4 g5 56. Ke3 Kf5 57. Nd4+ Kg4 58. Ne6 Kh4 59. Kf3 g4+ 60. Kg2 g5 61. Nf8 Nf6 62. Ng6+ Kh5 63. Ne5 Ne4 64. Nd7 ({Better is} 64. Nc6 $15) 64... g3 ({Black should try} 64... Kg6 $17 65. Nb8 Kf5) 65. Ne5 Kh4 (65... g4 $15) 66. Ng6+ Kg4 67. Ne5+ Kf5 68. Nc4 Kf4 69. Nb2 Nf6 70. Nd3+ Ke3 $11 71. Nc5 $2 {[%emt 0:00:20] [#]} (71. Ne5 $11) 71... Nh5 $1 72. Nd7 Kf4 73. Nc5 Kg4 74. Nd7 Nf4+ 75. Kg1 Kh3 76. Ne5 Ne2+ 0-1

[Event "58th Akiba Rubinstein D 2022"]
[Site "Polanica-Zdroj"]
[Date "2022.08.21"]
[Round "9.11"]
[White "Kryzia, Wiktor"]
[Black "Wilgosz, Jan"]
[Result "1-0"]
[ECO "C44"]
[WhiteElo "1764"]
[BlackElo "1597"]
[Annotator "NA RC"]
[PlyCount "105"]
[EventDate "2022.08.13"]
[EventCountry "POL"]
[SourceTitle "playchess.com"]
[Source "ChessBase"]
[SourceQuality "1"]
[TimeControl "40/5400+30:1800+30"]

1. e4 e5 2. Nf3 Nc6 3. d4 exd4 4. Nxd4 Qf6 5. Nxc6 Bc5 6. Qf3 Qxf3 7. gxf3 dxc6 8. Be3 Bb6 9. Bc4 Ne7 10. a4 Ng6 11. Rg1 f5 12. Ke2 Bd7 13. Nd2 O-O-O 14. a5 Bxe3 15. fxe3 fxe4 16. Nxe4 Ne5 17. Bb3 g6 18. f4 Ng4 19. h3 Nh6 20. Nf6 Rdf8 21. Nxd7 Kxd7 22. Rad1+ Ke7 23. Rg5 Rf5 24. h4 Rxg5 25. hxg5 Nf5 26. e4 Nd6 27. Kf3 h5 28. gxh6 Rxh6 29. Kg4 Kf8 30. Kg5 Kg7 31. Kg4 Nxe4 32. Rd7+ Kf8 33. Rxc7 Nc5 34. Kg5 Rh2 35. Kxg6 Nxb3 36. cxb3 Rxb2 37. Kf6 Ke8 38. Rxb7 c5 39. f5 c4 40. Re7+ Kd8 41. bxc4 Rb4 42. c5 Rb5 43. Rxa7 Rxc5 44. a6 Kc8 45. Kg6 Kb8 46. Rb7+ Kc8 47. Rb6 Kc7 48. Re6 Kd7 49. a7 Ra5 50. Kf6 Kd8 51. Re7 Ra6+ 52. Kf7 Ra5 53. a8=Q+ 1-0

[Event "58th Akiba Rubinstein D 2022"]
[Site "Polanica-Zdroj"]
[Date "2022.08.21"]
[Round "9.12"]
[White "Pieczulis, Blazej"]
[Black "Skrzypinski, Jan"]
[Result "1-0"]
[ECO "D00"]
[WhiteElo "1720"]
[BlackElo "1517"]
[Annotator "NA RC"]
[PlyCount "65"]
[EventDate "2022.08.13"]
[EventCountry "POL"]
[SourceTitle "playchess.com"]
[Source "ChessBase"]
[SourceQuality "1"]
[TimeControl "40/5400+30:1800+30"]

1. d4 d5 2. f4 e6 3. Nf3 f5 4. e3 Nf6 5. c4 c6 6. Nc3 Bd6 7. Bd3 O-O 8. O-O Nbd7 9. Ne5 Bxe5 10. fxe5 Ne4 11. Nxe4 dxe4 12. Be2 b6 13. b3 Qg5 14. a4 Rd8 15. Qc2 Bb7 16. Qc3 Rac8 17. c5 bxc5 18. dxc5 Qe7 19. Ba3 Nb8 20. b4 Na6 21. Rad1 Nc7 22. Bc4 g6 23. Rd6 Nd5 24. Bxd5 exd5 25. Bb2 Qg7 26. Qd2 h6 27. e6 Qh7 28. Qd4 a6 29. g4 Ba8 30. gxf5 gxf5 31. Rxf5 Rf8 32. Rd7 Rxf5 33. Rg7+ 1-0